 Dungeon Crawl Stone Soup version 0.16.1-28-gcc2312f (webtiles) character file.

480 Kidiri the Caller (level 6, -7/35 HPs)
             Began as a Deep Elf Summoner on May 29, 2015.
             Mangled by a gnoll
             ... wielding a cursed -2 halberd
              (14 damage)
             ... on level 5 of the Dungeon.
             The game lasted 00:31:20 (5824 turns).

Kidiri the Caller (Deep Elf Summoner)               Turns: 5824, Time: 00:31:20

Health: -7/35      AC:  3    Str:  5    XL:     6   Next: 86%
Magic:  10/20      EV: 13    Int: 25    God:
Gold:   186        SH:  0    Dex: 15    Spells: 5 memorised, 0 levels left

rFire  . . .     SeeInvis .     q - +4 short sword
rCold  . . .     Clarity  .     d - +0 leather armour
rNeg   . . .     SustAb   .     (no shield)
rPois  .         Gourm    .     (no helmet)
rElec  .         Spirit   .     (no cloak)
rCorr  .         Warding  .     (no gloves)
rMut   .         Stasis   .     (no boots)
MR     ++...                    (no amulet)
Stlth  ++........               (no ring)
                                g - ring of the Mage {Wiz MR++ Int+3}

@: very resistant to hostile enchantments, unstealthy
A: no striking features
a: no special abilities


You were on level 5 of the Dungeon.
You were not hungry.

You visited 1 branch of the dungeon, and saw 5 of its levels.

You collected 186 gold pieces.

Inventory:

Hand weapons
 e - a +0 hunting sling
 q - a +4 short sword (weapon)
Missiles
 f - 114 stones (quivered)
Armour
 d - a +0 leather armour (worn)
Jewellery
 g - the ring of the Mage (left hand) {Wiz MR++ Int+3}
   (You found it on level 4 of the Dungeon)

   [ring of wizardry]

   It improves your spell success rate.
   It affects your intelligence (+3).
   It affects your resistance to hostile enchantments.
 i - an uncursed amulet of faith
Magical devices
 y - a wand of invisibility (1)
Scrolls
 j - a scroll of remove curse {unknown}
 k - a scroll of magic mapping {unknown}
 l - 2 scrolls of fog {unknown}
 s - a scroll of blinking {unknown}
 t - a scroll of noise {unknown}
 u - a scroll of random uselessness {unknown}
 x - a scroll of immolation {unknown}
 C - 2 scrolls of teleportation {unknown}
Potions
 r - a potion of might
 v - 2 potions of lignification {unknown}
 z - a potion of curing
 A - a potion of degeneration {unknown}
Books
 b - a book of Callings

   Spells                             Type                      Level
   a - Summon Small Mammal            Summoning                    1
   b - Call Imp                       Summoning                    2
   c - Call Canine Familiar           Summoning                    3
   d - Summon Guardian Golem          Hexes/Summoning              4
   e - Summon Lightning Spire         Summoning/Air                4
   f - Summon Ice Beast               Ice/Summoning                4
 n - a book of Control

   Spells                             Type                      Level
   a - Control Teleport               Charms/Translocation         4
   b - Control Undead                 Necromancy                   4
   c - Enslavement                    Hexes                        4
   d - Metabolic Englaciation         Hexes/Ice                    5
   e - Mass Confusion                 Hexes                        6
 o - a book of Ice

   Spells                             Type                      Level
   a - Ice Form                       Ice/Transmutation            4
   b - Metabolic Englaciation         Hexes/Ice                    5
   c - Ozocubu's Refrigeration        Ice                          6
   d - Bolt of Cold                   Conjuration/Ice              6
   e - Freezing Cloud                 Conjuration/Ice/Air          6
   f - Simulacrum                     Ice/Necromancy               6
Comestibles
 c - 4 bread rations
 h - a meat ration


   Skills:
 + Level 1.8 Fighting
 + Level 3.9 Dodging
 + Level 4.2 Stealth
 + Level 4.8 Spellcasting
 + Level 4.5 Hexes
 + Level 5.4 Summonings
 * Level 0.4 Ice Magic


You couldn't memorise any spells.
You knew the following spells:

 Your Spells              Type           Power        Failure   Level  Hunger
a - Summon Small Mammal   Summ           ####         1%          1    None
b - Call Imp              Summ           ####....     1%          2    None
c - Call Canine Familiar  Summ           ####....     2%          3    ##.....
d - Summon Guardian Gole  Hex/Summ       ####....     9%          4    ####...
e - Summon Ice Beast      Ice/Summ       ###.....     19%         4    ####...


Dungeon Overview and Level Annotations

Branches:
Dungeon (5/15)
 Temple: D:4-7

Altars:
Cheibriados
Qazlal


Message History

The hobgoblin hits your ice beast but does no damage.
Your ice beast hits the hobgoblin.
Your ice beast freezes the hobgoblin!
The hobgoblin dies!
You swap places.
Items here: )) [ ††† The gnoll hits you from afar with a halberd!
The gnoll hits you with a halberd!
You see here 11 gold pieces.
Your ice beast disappears in a puff of smoke!
The gnoll hits you from afar with a halberd!
* * * LOW HITPOINT WARNING * * *
Items here: )) [ †††
Casting: Summon Ice Beast
Confirm with . or Enter, or press ? or * to list all spells.
The gnoll barely misses you.
Casting: Call Canine Familiar
Confirm with . or Enter, or press ? or * to list all spells.
A chill wind blows around you.
The gnoll hits you from afar with a halberd!
You die...

.....## .# ##
......# .. ..
......# # #.###
......#### ...#
##.. ..........###
...##....
.....####.
....###........
#.####
#.g........... #÷#
#####g...(.... #.#
##..@Yh####....
#.# #####..#####
#.# ###......#
#.#####...#..#.#
#.÷.....#...##...
#...#####.########
#...#####.#
#.........#
#...#######


You could see a gnoll, a friendly ice beast and a friendly hound.

Vanquished Creatures
  An orc wizard (D:4)
  A giant frog skeleton (D:5)
  5 adders
  2 giant geckos
  An ooze (D:2)
  5 orcs
  A bat skeleton (D:4)
  4 giant cockroaches
  9 goblins
  9 hobgoblins
  2 jackals (D:1)
  11 bats
  2 giant newts
  15 kobolds
  3 quokkas
  7 rats
78 creatures vanquished.

Vanquished Creatures (collateral kills)
  Prince Ribbit (D:5)
  3 wights
  An iguana (D:5)
  A centaur skeleton (D:4)
  An orc wizard (D:3)
  A worker ant (D:4)
  A hound skeleton (D:4)
  2 adders (D:2)
  9 gnolls
  5 giant geckos
  4 orcs
  3 bats
  3 goblins
  5 hobgoblins
  A ball python (D:1)
  A giant gecko skeleton (D:4)
  A giant newt (D:1)
  A jackal (D:1)
  A jackal skeleton (D:4)
  A kobold (D:5)
  A quokka (D:5)
  3 rats
50 creatures vanquished.

Vanquished Creatures (others)
  2 crimson imps
  10 hounds
  2 shadow imps
  4 white imps
  A rat (D:5)
19 creatures vanquished.

Grand Total: 147 creatures vanquished

Notes
Turn   | Place    | Note
--------------------------------------------------------------
     0 | D:1      | Kidiri, the Deep Elf Summoner, began the quest for the Orb.
     0 | D:1      | Reached XP level 1. HP: 10/10 MP: 5/5
   358 | D:1      | Reached XP level 2. HP: 15/15 MP: 8/8
   362 | D:1      | Learned a level 2 spell: Call Imp
  1037 | D:2      | Reached XP level 3. HP: 20/20 MP: 11/11
  1042 | D:2      | Learned a level 3 spell: Call Canine Familiar
  1302 | D:2      | Reached skill level 1 in Fighting
  1307 | D:2      | Reached skill level 5 in Summonings
  1644 | D:2      | Reached XP level 4. HP: 25/25 MP: 14/14
  1650 | D:2      | Learned a level 4 spell: Summon Guardian Golem
  1809 | D:2      | Reached skill level 1 in Hexes
  2380 | D:2      | You fall through a shaft for 2 floors!
  2380 | D:4      | Found a snail-covered altar of Cheibriados.
  2637 | D:4      | HP: 1/25 [wight/enchanted dire flail (13)]
  2719 | D:4      | Reached XP level 5. HP: 12/29 MP: 1/18
  4363 | D:3      | Reached XP level 6. HP: 32/34 MP: 8/20
  4438 | D:3      | Found a stormy altar of Qazlal.
  4440 | D:3      | Noticed an air elemental
  4442 | D:3      | Noticed a water elemental
  4442 | D:3      | Noticed a fire elemental
  5182 | D:5      | Entered Level 5 of the Dungeon
  5182 | D:5      | Noticed Prince Ribbit
  5229 | D:5      | Killed Prince Ribbit
  5435 | D:5      | Learned a level 4 spell: Summon Ice Beast
  5824 | D:5      | Mangled by a gnoll

Action                   |  1- 3 |  4- 6 || total
-------------------------+-------+-------++-------
Melee: Unarmed           |     3 |       ||     3
       Short sword       |     3 |   110 ||   113
 Fire: Hunting sling     |    75 |    78 ||   153
 Cast: Summon Small Mamm |     7 |     1 ||     8
       Call Imp          |     8 |    16 ||    24
       Call Canine Famil |     2 |    21 ||    23
       Summon Guardian G |       |     3 ||     3
       Summon Ice Beast  |       |     3 ||     3
Evoke: Wand              |       |     1 ||     1
  Use: Scroll            |       |     5 ||     5
       Potion            |       |     2 ||     2
 Stab: Sleeping          |       |     2 ||     2
       Distracted        |       |     1 ||     1
  Eat: Chunk             |     2 |    11 ||    13
       Beef jerky        |       |     1 ||     1
       Fruit             |       |     4 ||     4
